 Dungeon Crawl Stone Soup version 0.31.0-32-g396128a36d (webtiles) character file.

Game seed: 9025277549465785460

102920 hulksmash1337 the Warrior (level 15, -6/235 HPs)
             Began as a Minotaur Berserker on Apr 12, 2024.
             Was a High Priest of Trog.
             Shot with an arrow by a deep elf archer (18 damage)
             ... on level 15 of the Dungeon.
             The game lasted 00:34:53 (23469 turns).

hulksmash1337 the Warrior (Minotaur Berserker)     Turns: 23469, Time: 00:34:53

Health: -6/235     AC: 24    Str: 28    XL:     15   Next: 87%
Magic:  4/4        EV: 10    Int:  7    God:    Trog [*****.]
Gold:   1785       SH:  0    Dex: 11    Spells: 14/14 levels left

rFire   . . .        D - +5 great mace (antimagic)
rCold   . . .        (shield currently unavailable)
rNeg    . . .        y - +3 chain mail
rPois   +            K - +0 hat {Int+3}
rElec   .            r - +0 cloak
rCorr   .            c - +0 pair of gloves
SInv    .            W - +2 pair of boots
Will    +++..        k - amulet of magic regeneration Stlth
                     o - ring of poison resistance
HPRegen 1.59/turn    E - +4 ring of slaying
MPRegen 0.49/turn

%: no passive effects
@: berserking (expiring), strong-willed, regenerating, very quick
A: horns 2, retaliatory headbutt
a: Renounce Religion, Berserk, Trog's Hand, Brothers in Arms


You were on level 15 of the Dungeon.
You worshipped Trog.
Trog was extremely pleased with you.
You visited 2 branches of the dungeon, and saw 20 of its levels.
You also visited: Sewer and Bailey.

You collected 1785 gold pieces.

Inventory:

Hand Weapons
 w - a +1 flail of protection
 D - a +5 antimagic great mace (weapon)
Missiles
 e - 6 javelins
 A - a throwing net (quivered)
 T - 3 silver javelins
Armour
 c - a +0 pair of gloves (worn)
 r - a +0 cloak (worn)
 y - a +3 chain mail (worn)
 F - a +2 tower shield
 K - a +0 hat of intelligence (worn)
 W - a +2 pair of boots (worn)
Jewellery
 k - an amulet of magic regeneration (around neck)
 o - a ring of poison resistance (left hand)
 p - the ring of Gevvyqoq {*Corrode rPois rC+++ Dex+6 Slay+2}
   (You found it on level 15 of the Dungeon)

   [ring of dexterity]

   Dex+6:     It affects your dexterity (+6).
   Slay+2:    It affects your accuracy & damage with ranged weapons and melee
   (+2).
   rC+++:     It renders you almost immune to cold.
   rPois:     It protects you from poison *Corrode: It may corrode you when you
   take damage.
 q - a ring of positive energy
 s - a +6 ring of strength
 z - a ring of protection from cold
 E - a +4 ring of slaying (right hand)
 L - a ring of fire
Scrolls
 b - 11 scrolls of teleportation
 d - 2 scrolls of enchant weapon {unknown}
 g - 4 scrolls of blinking
 j - 4 scrolls of immolation
 m - 5 scrolls of fog
 n - 3 scrolls of enchant armour {unknown}
 v - 2 scrolls of amnesia {unknown}
 x - 5 scrolls of vulnerability {unknown}
 G - 2 scrolls of brand weapon {unknown}
 I - 2 scrolls of noise {unknown}
 J - 4 scrolls of revelation {unknown}
 N - 2 scrolls of poison {unknown}
 O - 5 scrolls of fear
 Q - 3 scrolls of identify
 R - 2 scrolls of silence {unknown}
 U - a scroll of summoning {unknown}
 Y - a scroll of torment {unknown}
Potions
 a - 6 potions of might {unknown}
 f - 2 potions of enlightenment {unknown}
 h - 5 potions of haste
 i - 5 potions of heal wounds
 l - 2 potions of resistance {unknown}
 t - 3 potions of magic {unknown}
 u - 5 potions of mutation {unknown}
 B - 11 potions of curing
 C - 4 potions of lignification {unknown}
 H - 4 potions of degeneration {unknown}
 M - 2 potions of berserk rage {unknown}
 P - a potion of brilliance {unknown}
 V - 2 potions of attraction {unknown}
 X - a potion of cancellation {unknown}
Miscellaneous
 Z - a phantom mirror


   Skills:
 + Level 20.9 Fighting
 + Level 20.9 Maces & Flails
 - Level 17.0 Armour
 - Level 2.1 Dodging
 - Level 2.6 Shields


You had 14 spell levels left.
You didn't know any spells.
Your spell library was empty.

Dungeon Overview and Level Annotations

Branches:
Dungeon (15/15)            Temple (0/1) D:5            Lair (5/5) D:9
 Shoals (0/4) Lair:2       Spider (0/4) Lair:2        Slime (0/5) Lair:5
    Orc (0/2) D:12         Vaults (0/5) D:14         Depths (0/4) D:15
  Sewer (visited)          Bailey (visited)

Altars:
Ashenzari
Kikubaaqudgha
Nemelex Xobeh
Ru
Sif Muna
Trog
Vehumet
Wu Jian
Xom

Shops:
D:6 *   D:7 (

Annotations:
D:15 1 transporter


Innate Abilities, Weirdness & Mutations

You have a pair of horns on your head.
You reflexively headbutt those who attack you in melee.


Message History

Unknown command.
Things that are here:
a +0 orcbow; a centaur corpse Unknown command.
Hit: D) +5 great mace (antimagic)
Press: ? - help, Dir - move target, f - rakshasa
Aim: a rakshasa, wielding a +0 trident and wearing a +0 robe (about 33% to evade your +5 antimagic great mace)
You barely miss the rakshasa. Your headbutt misses the rakshasa.
The deep elf archer mumbles some strange words.
The deep elf archer blinks!
The rakshasa hits you but does no damage.
Unknown command.
Hit: D) +5 great mace (antimagic)
Press: ? - help, Dir - move target, f/p - rakshasa
Aim: a rakshasa, wielding a +0 trident and wearing a +0 robe (about 33% to evade your +5 antimagic great mace)
You miss the rakshasa.
Unknown command.
Hit: D) +5 great mace (antimagic)
Press: ? - help, Dir - move target, f/p - rakshasa
Aim: a rakshasa, wielding a +0 trident and wearing a +0 robe (about 33% to evade your +5 antimagic great mace)
You bludgeon the rakshasa!!
The rakshasa's magic leaks into the air.
The rakshasa is moderately wounded.
Hit: D) +5 great mace (antimagic)
Press: ? - help, Dir - move target, f/p - rakshasa
Aim: a rakshasa, wielding a +0 trident and wearing a +0 robe (moderately wounded, magic disrupted, about 33% to evade your +5 antimagic great mace)
You bludgeon the rakshasa!!
The rakshasa's magic leaks into the air.
You headbutt the rakshasa!!
The rakshasa is almost dead.
The injured rakshasa weaves a defensive illusion!
The rakshasa closely misses you.
Hit: D) +5 great mace (antimagic)
Press: ? - help, Dir - move target, f - rakshasa
Aim: a rakshasa, wielding a +0 trident and wearing a +0 robe (almost dead, magic disrupted, about 33% to evade your +5 antimagic great mace)
You bludgeon the rakshasa!!
You kill the rakshasa!
The rakshasa shimmers and vanishes!
The deep elf archer shoots an arrow.
The arrow hits you!!
You die...

#.c.##.....††.#.~~...#
...#'#'#........#.~≈~..##
.......R..........~~~.#
.....#................
.#.........)..#.....##
.....#......#.....##
..#..^....e...R....#
.......#......R#####
...#...........@§##
........#......#).##
..#.......#+##†).#
.........##...).[#
#+###+######....## ##.$##
####


You could see 2 rakshasas and a deep elf archer (repels missiles).

Vanquished Creatures
  Kirke (D:13)
  Gastronok (D:11)
  2 frost giants (D:15)
  The ghost of dvd2 the Geomancer, a journeyman FoEE of Vehumet (Lair:4)
  Nessos (Lair:5)
  Snorg (D:14)
  An entropy weaver (shapeshifter) (D:15)
  An ice dragon (Lair:5)
  12 vault guards
  3 hydras
  2 catoblepae
  7 centaur warriors
  2 two-headed ogres
  2 boulder beetles
  12 death yaks
  4 tengu warriors
  Amaemon (Lair:1)
  Nergalle (D:12)
  5 skysharks
  8 skeletal warriors
  Pikel (D:5)
  An orc knight (D:15)
  4 deep elf pyromancers
  A lindwurm (Lair:5)
  2 wolf spiders
  9 cyclopes
  3 manticores
  4 meliai
  6 ugly things
  A meliai (shapeshifter) (D:15)
  2 guardian serpents
  8 black mambas
  A black mamba (shapeshifter) (D:13)
  A molten gargoyle (Lair:5)
  An orange demon (Lair:1)
  A cane toad (shapeshifter) (D:15)
  5 torpor snails (Lair:5)
  15 cane toads
  A rime drake (Lair:4)
  Jeremiah (Lair:1)
  A freezing wraith (D:13)
  An efreet (D:14)
  11 komodo dragons
  4 trolls
  2 polar bears (Lair:2)
  13 hornets
  A hornet (shapeshifter) (D:13)
  A wolf spider simulacrum (D:15)
  Prince Ribbit (Bailey)
  4 tyrant leeches (Lair:5)
  11 dream sheep
  5 blink frogs (Lair:2)
  A glass eye (D:15)
  2 shadows
  19 wyverns
  47 yaks
  A water elemental (D:14)
  A vampire (D:11)
  4 hogs (D:13)
  7 humans (Bailey)
  4 basilisks
  2 steam dragons
  2 vampire mosquitoes (D:10)
  2 redbacks (Lair:5)
  Menkaure (D:5)
  3 acid dragons
  Edmund (D:4)
  20 water moccasins
  A meliai simulacrum (D:15)
  2 black bears
  6 orc warriors
  2 sky beasts
  10 ogres
  2 boggarts (D:15)
  40 wolves
  16 centaurs
  4 phantoms
  6 kobold brigands
  29 bullfrogs
  4 scorpions
  4 gnoll sergeants
  A burial acolyte (D:11)
  11 killer bees
  2 electric eels
  4 bombardier beetles
  10 howler monkeys
  5 orc priests
  2 jellies
  4 hounds
  A gnoll bouda (D:5)
  A sleepcap (D:8)
  5 iguanas
  14 orc wizards
  6 hell rats (Lair:2)
  22 gnolls
  3 adders
  A river rat (D:6)
  A white imp (D:7)
  2 adder zombies (D:11)
  A dart slug (D:2)
  41 orcs
  10 ball pythons
  9 bats
  5 endoplasms
  4 giant cockroaches
  8 goblins
  7 hobgoblins
  4 jackals (D:4)
  6 quokkas
  6 frilled lizards
  24 kobolds
  10 rats
  2 butterflies (D:8)
666 creatures vanquished.

Vanquished Creatures (others)
  A human (D:13)
  A boggart (D:15)
  An orc wizard (D:13)
3 creatures vanquished.

Grand Total: 669 creatures vanquished

Notes
Turn   | Place    | Note
-------+----------+-------------------------------------------
     0 | D:1      | hulksmash1337 the Minotaur Berserker began the quest for
                  | the Orb.
     0 | D:1      | Reached XP level 1. HP: 19/19 MP: 0/0
    68 | D:1      | Reached XP level 2. HP: 23/27 MP: 1/1
   454 | D:1      | Reached ** piety under Trog
   920 | D:2      | Reached XP level 3. HP: 34/34 MP: 2/2
  2005 | D:3      | Noticed a phantom
  2011 | D:3      | Killed a phantom
  2012 | D:3      | Reached skill level 5 in Fighting
  2012 | D:3      | Reached skill level 5 in Maces & Flails
  2012 | D:3      | Reached XP level 4. HP: 41/42 MP: 3/3
  2012 | D:3      | Reached XP level 5. HP: 47/48 MP: 4/4
  2256 | D:3      | Noticed a phantom
  2264 | D:3      | Killed a phantom
  2331 | D:3      | Found a faded altar of an unknown god.
  2613 | D:4      | Noticed Edmund
  2621 | D:4      | Reached XP level 6. HP: 58/58 MP: 5/5
  2627 | D:4      | Killed Edmund
  2752 | D:4      | Reached XP level 7. HP: 58/66 MP: 6/6
  3205 | D:5      | Entered Level 5 of the Dungeon
  3205 | D:5      | Found a staircase to the Ecumenical Temple.
  3215 | D:4      | Reached *** piety under Trog
  3580 | D:5      | Reached XP level 8. HP: 74/74 MP: 7/7
  3665 | D:5      | Noticed Pikel
  3674 | D:5      | Killed Pikel
  3764 | D:5      | Reached skill level 5 in Armour
  3910 | D:5      | Found a radiant altar of Vehumet.
  4114 | D:5      | Noticed Menkaure
  4124 | D:5      | Killed Menkaure
  4125 | D:5      | Reached XP level 9. HP: 63/81 MP: 8/8
  4664 | D:6      | Found Neni's Serpentskin Sales.
  4873 | D:6      | Found a glowing drain.
  4875 | D:6      | Reached **** piety under Trog
  4888 | Sewer    | Entered a sewer
  5613 | D:7      | Found Yrghikod's Antique Weapon Boutique.
  5642 | D:7      | Reached skill level 10 in Fighting
  5792 | D:7      | Reached XP level 10. HP: 88/93 MP: 9/9
  6051 | D:7      | Reached ***** piety under Trog
  6561 | D:8      | Found a shimmering altar of Xom.
  6801 | D:8      | Found a bloodstained altar of Trog.
  6804 | D:8      | Found a broken altar of Ashenzari.
  6807 | D:8      | Found a sparkling altar of Nemelex Xobeh.
  6810 | D:8      | Found a shimmering blue altar of Sif Muna.
  7404 | D:9      | Found an ornate altar of the Wu Jian Council.
  7666 | D:9      | Found a sacrificial altar of Ru.
  7709 | D:9      | Found a staircase to the Lair.
  7844 | D:9      | Noticed a two-headed ogre
  7859 | D:9      | Killed a two-headed ogre
  8474 | D:10     | Entered Level 10 of the Dungeon
  8536 | D:10     | Reached XP level 11. HP: 96/105 MP: 10/10
  8626 | D:10     | Reached skill level 15 in Maces & Flails
  9093 | D:10     | Found a flagged portal.
  9142 | Bailey   | Entered a bailey
  9241 | Bailey   | Noticed Prince Ribbit
  9246 | Bailey   | Killed Prince Ribbit
  9257 | Bailey   | Noticed a vault guard
  9267 | Bailey   | Killed a vault guard
  9308 | Bailey   | Noticed a vault guard
  9322 | Bailey   | Killed a vault guard
  9496 | Bailey   | Reached skill level 10 in Armour
  9623 | Lair:1   | Entered Level 1 of the Lair of Beasts
  9707 | Lair:1   | Noticed a wolf spider
  9715 | Lair:1   | Reached ****** piety under Trog
  9722 | Lair:2   | Killed a wolf spider
  9775 | Lair:2   | HP: 4/111 [blink frog (10)]
  9780 | Lair:2   | Reached skill level 15 in Fighting
  9782 | Lair:2   | Reached XP level 12. HP: 15/119 MP: 11/11
 10001 | Lair:2   | Received a gift from Trog
 10276 | Lair:1   | Noticed Amaemon
 10284 | Lair:1   | Killed Amaemon
 10702 | Lair:1   | Noticed Jeremiah
 10718 | Lair:1   | Killed Jeremiah
 11595 | Lair:2   | Found a staircase to the Shoals.
 11757 | Lair:2   | Found a hole to the Spider Nest.
 13363 | Lair:3   | Reached XP level 13. HP: 129/132 MP: 12/12
 14855 | Lair:4   | Found a runed translucent door.
 14860 | Lair:4   | Noticed dvd2's ghost (journeyman FoEE)
 15332 | Lair:4   | Killed dvd2's ghost
 15434 | Lair:5   | Entered Level 5 of the Lair of Beasts
 15467 | Lair:5   | Identified the +2 long sword of Blood-Lust {heavy, rPois
                  | rC+ Dex+2} (Trog gifted it to you on level 5 of the Lair of
                  | Beasts)
 15467 | Lair:5   | Received a gift from Trog
 16059 | Lair:5   | Reached XP level 14. HP: 95/140 MP: 13/13
 16199 | Lair:5   | Found a staircase to the Slime Pits.
 16238 | Lair:5   | Paralysed by a hornet for 2 turns
 16472 | Lair:5   | Noticed Nessos
 16486 | Lair:5   | Killed Nessos
 16589 | Lair:5   | Received a gift from Trog
 18147 | D:11     | Found an ancient bone altar of Kikubaaqudgha.
 18214 | D:11     | Noticed Gastronok
 18225 | D:11     | Killed Gastronok
 19389 | D:12     | Found a staircase to the Orcish Mines.
 19558 | D:12     | Noticed Nergalle
 19572 | D:12     | Killed Nergalle
 19573 | D:12     | Reached skill level 15 in Armour
 19911 | D:13     | Noticed Kirke
 19918 | D:13     | Reached skill level 1 in Shields
 19920 | D:13     | Reached XP level 15. HP: 143/155 MP: 14/14
 19928 | D:13     | Killed Kirke
 19928 | D:13     | Received a gift from Trog
 21109 | D:14     | Noticed Snorg
 21113 | D:14     | Killed Snorg
 21817 | D:14     | Found a gate to the Vaults.
 22598 | D:15     | Entered Level 15 of the Dungeon
 22930 | D:15     | Identified the ring of Gevvyqoq {*Corrode rPois rC+++ Dex+6
                  | Slay+2}
 22943 | D:15     | Noticed a frost giant
 22949 | D:15     | Killed a frost giant
 23064 | D:15     | Found a transporter.
 23080 | D:15     | Found a staircase to the Depths.
 23080 | D:15     | Noticed a frost giant
 23090 | D:15     | Killed a frost giant
 23448 | D:15     | HP: 5/157 [centaur warrior/arrow (11)]
 23453 | D:15     | HP: 7/235 [orc knight/+2 great sword (15)]
 23456 | D:15     | Received a gift from Trog
 23458 | D:15     | HP: 4/235 [orc knight/+2 great sword (7)]
 23469 | D:15     | Shot with an arrow by a deep elf archer

Illustrated notes

Levels and vault maps discovered:
D:1:      amcnicky_arrival_gap_in_the_tavern_cellar, layout_rooms,
          serial_forest, infiniplex_forest_lined_room_2,
          infiniplex_forest_lined_3_way, infiniplex_forest_end_double,
          infiniplex_forest_lined_2
D:2:      layout_loops_corners, chequers_serial_rivers_room_a,
          minmay_statues_item
D:3:      minmay_recursive_quarters, layout_basic,
          shapermc_ecumenical_altar_hornbeckon
D:4:      layout_rooms, uniq_edmund
D:5:      layout_basic, vehumet_altar_wand_db, minmay_temple_entry_trees,
          uniq_pikel, uniq_menkaure
D:6:      layout_basic, portal_sewer_entry_a, guppyfry_shop_venom
D:7:      kennysheep_spiral_hall, layout_basic, serial_shops,
          nicolae_shop_gibbet_a_chance
D:8:      layout_basic, grunt_temple_overflow_cloverleaf, xom_butterflies
D:9:      layout_loops_ring, mainiacjoe_overflow_catch_the_wave,
          lair_entry_dummy, serial_rivers, chequers_serial_rivers_micro_d,
          chequers_serial_rivers_room_a, chequers_serial_rivers_room_a,
          chequers_serial_rivers_micro_c, minmay_lizard_king
D:10:     layout_irregular_city, enter_bailey_4
D:11:     layout_rooms, lemuel_zombie_altar_kikubaaqudgha, uniq_gastronok
D:12:     layout_rooms, kennysheep_orc_monster_closet_entryway, uniq_nergalle
D:13:     layout_long_grid, minmay_fractal_squares_gapless_5, uniq_kirke
D:14:     layout_loops_cross, erik_vaults_2, serial_bayou_ford_a, uniq_snorg
D:15:     hangedman_spin_cycle, serial_shops, uniq_rupert
Lair:1:   layout_cave_pods, portal_ice_cave_entry_pillars_2,
          nicolae_lair_run_with_the_wolves, uniq_amaemon, uniq_jeremiah
Lair:2:   layout_gridlike, minmay_shoals_entry_centaurs,
          hellmonk_spider_entry_not_the_bees, grunt_megastairs_5
Lair:3:   layout_cave_pods
Lair:4:   layout_gridlike, ebering_ghost_reflecting_pool, minivault_25,
          beast_lair_carwin_2
Lair:5:   hangedman_lair_tendril_chambers, layout_gridlike, wormcave,
          slime_entry_1, uniq_nessos

Skill      XL: |  1  2  3  4  5  6  7  8  9 10 11 12 13 14 15 |
---------------+----------------------------------------------+-----
Fighting       | 4 5 6 7 8 10 12 15 17 20 | 20.9
Maces & Flails | 4 5 6 7 9 11 12 14 15 17 20 | 20.9
Armour         | 7 8 11 13 15 17 | 17.0
Shields        | 1 2 |  2.6
Dodging        | |  2.1

Action                     |  1- 3 |  4- 6 |  7- 9 | 10-12 | 13-15 || total
---------------------------+-------+-------+-------+-------+-------++-------
  Melee: Mace              |    76 |    37 |       |       |       ||   113
         Headbutt          |    10 |     6 |    52 |   149 |   275 ||   492
         Flail             |       |    19 |   220 |   580 |   658 ||  1477
         Great mace        |       |       |       |       |   275 ||   275
 Invoke: Berserk           |       |       |     1 |     3 |    10 ||    14
         Trog's Hand       |       |       |       |     1 |     5 ||     6
    Use: Potion            |       |       |       |     1 |     1 ||     2
         Scroll            |       |       |       |       |     9 ||     9
   Stab: Sleeping          |     2 |       |       |       |       ||     2
         Petrified         |       |       |       |       |     5 ||     5
         Petrifying        |       |       |       |       |     2 ||     2
 Armour: Animal skin       |    35 |       |       |       |       ||    35
         Chain mail        |    10 |    35 |   196 |   535 |  1032 ||  1808
  Dodge: Dodged            |    73 |    19 |   106 |   291 |   473 ||   962
